Map: Void Thrashing

Players

NamroodTuo

  • Race: Zerg Zerg

Alicedes

  • Race: Terran Terran

VOD

Have the link to the VOD?

Description

Time

  • Played on: Jan. 13, 2023, 1:50 p.m.
  • Length: 20:44
Show
View Real Time Build Order
Export as new Build Order

NamroodTuo Zerg 

Build Orders:  

Get SALT Encoding   

  12  0:04  Infested SCV  
  13  0:12  Infested SCV  
  14  0:31  Infested Barracks  
  14  0:43  Overlord  
  14  0:52  Infested SCV  
  15  1:13  Infested SCV  
  15  1:18  Infested SCV  
  15  1:19  Infested SCV  
  18  1:22  Infested SCV  
  19  1:32  Infested Engineering Bay  
  19  1:34  Infested Marine  
  20  1:41  Overlord  
  20  1:48  Infested Marine  
  20  1:49  Infested Marine  
  22  1:50  Infested Marine  
  23  2:06  Infested Refinery  
  23  2:07  Infested SCV  
  23  2:08  Infested Refinery  
  24  2:10  Infested SCV  
  24  2:15  Infested Marine  
  24  2:16  Infested Marine x2  
  24  2:17  Infested Marine  
  24  2:18  Infested Marine x2  
  31  2:28  Overlord  
  31  2:45  Overlord  
  31  3:00  Infested SCV  
  32  3:19  Infested SCV  
  33  3:22  Infested Marine x2  
  33  3:23  Infested Marine x3  
  33  3:24  Infested Marine x2  
  33  3:25  Infested Marine x2  
  41  3:37  Infestation Level 1  
  37  4:04  Infested Barracks Tech Lab  
  32  4:10  Infested SCV x3  
  32  4:15  Regenerative Plating  
  35  4:25  Infested SCV  
  36  4:38  Infested SCV  
  37  4:42  Retinal Augmentation  
  28  5:37  Anaerobic Enhancement  
  28  5:47  Infested Bunker  
  32  5:54  Infested SCV x4  
  32  5:55  Infested SCV  
  32  5:58  Plagued Munitions  
  37  6:03  Stukov Infantry Weapons Level 1  
  37  6:41  Infested Command Center  
  37  6:48  Infested Marine x3  
  37  6:49  Infested Marine x3  
  43  6:50  Infested Marine x4  
  43  6:54  Overlord  
  43  6:55  Overlord  
  43  6:59  Overlord  
  47  7:07  Overlord  
  47  7:21  Infested Barracks  
  47  7:54  Infested Bunker  
  47  7:58  Infested Marine x3  
  47  7:59  Infested Marine x3  
  57  8:00  Infested Marine  
  58  8:24  Infested SCV x3  
  51  8:40  Infested Factory  
  51  8:43  Stukov Infantry Armor Level 1  
  51  8:50  Infested Barracks  
  51  9:04  Infested SCV x2  
  53  9:10  Overlord x3  
  53  9:15  Infested SCV  
  54  9:28  Infested Marine  
  54  9:29  Infested Marine x13  
  68  9:30  Infested Marine x2  
  59  9:54  Infested Marine  
  59  9:55  Infested Marine x17  
  59  9:56  Infested Marine x10  
  85  10:21  Infested Marine x3  
  85  10:22  Infested Marine x12  
  85  10:27  Infested SCV x2  
  85  10:28  Infested SCV x3  
  91  10:48  Infested Armory  
  76  11:22  Stukov Infantry Weapons Level 2  
  76  11:40  Infested Marine x5  
  76  11:41  Infested Marine x21  
  76  11:42  Infested Marine x3  
  92  11:51  Infestation Level 2  
  92  12:02  Infested Marine  
  92  12:03  Infested Marine x7  
  85  12:22  Infested Marine  
  85  12:23  Infested Marine x20  
  85  12:25  Overlord  
  85  12:26  Overlord x5  
  85  12:29  Infested SCV  
  82  12:42  Infested SCV  
  82  12:43  Infested SCV x3  
  82  13:16  Overseer x2  
  82  13:17  Overseer x5  
  82  13:18  Overseer x2  
  75  13:40  Infested Marine x4  
  75  13:41  Infested Marine x2  
  76  13:51  Broodling Gestation  
  79  14:00  Infested Bunker  
  67  14:11  Infested Refinery  
  67  14:16  Infested Bunker  
  65  14:32  Stukov Infantry Armor Level 2  
  65  14:34  Infested Marine  
  65  14:35  Infested Marine x15  
  65  14:36  Infested Marine x2  
  83  14:49  Infested Bunker  
  83  15:04  Infested Missile Turret  
  82  15:23  Infested Marine x3  
  82  15:24  Infested Marine x21  
  82  15:25  Infested Marine x20  
  82  15:26  Infested Marine x8  
  118  15:32  Infested Missile Turret  
  118  15:36  Infested Marine  
  118  15:37  Infested Marine x5  
  118  15:39  Infested Marine x2  
  125  15:55  Infested Marine  
  125  15:56  Infested Marine x9  
  136  16:10  Infested Bunker  
  136  16:17  Infested Bunker  
  142  16:36  Infested Bunker  
  134  16:49  Infested Marine  
  127  16:50  Infested Marine x6  
  98  17:22  Infested Marine  
  98  17:23  Infested Marine x13  
  98  17:24  Infested Marine x5  
  113  17:42  Calcified Armor  
  103  17:54  Infestation Level 3  
  103  17:56  Infested Marine  
  103  17:57  Infested Marine x8  
  103  17:58  Infested Marine x21  
  103  17:59  Infested Marine x2  
  126  18:22  Infested Marine  
  126  18:23  Infested Marine x6  
  126  18:24  Infested Marine x18  
  126  18:25  Infested Marine x2  
  135  18:43  Infested Marine  
  135  18:44  Infested Marine x11  
  129  19:05  Infested Marine  
  129  19:06  Infested Marine x11  
  114  19:37  Infested Marine  
  114  19:38  Infested Marine x18  
  125  20:09  Infested Marine  
  124  20:10  Infested Marine x6  
  124  20:11  Infested Marine x13  
Show
View Real Time Build Order
Export as new Build Order

Alicedes Terran 

Build Orders:  

Get SALT Encoding   

  12  0:04  SCV  
  13  0:22  Supply Bunker  
  13  0:23  SCV  
  14  0:31  SCV  
  15  0:42  SCV  
  15  0:46  Refinery  
  16  0:54  SCV  
  17  1:02  SCV  
  18  1:10  SCV  
  18  1:16  Barracks  
  18  1:19  SCV  
  20  1:33  Engineering Bay  
  20  1:38  SCV  
  21  1:45  Refinery  
  21  1:51  SCV  
  21  1:59  SCV  
  23  2:19  Supply Bunker  
  23  2:28  Factory  
  23  2:34  SCV  
  23  2:35  SCV x6  
  30  2:40  Supply Bunker, Dominion Trooper x6  
  30  2:42  SCV  
  31  3:08  Dominion Trooper  
  33  3:12  Starport  
  33  3:16  Dominion Trooper  
  34  3:24  Dominion Trooper  
  35  3:32  Dominion Trooper  
  35  3:34  Fusion Core  
  36  3:40  Dominion Trooper  
  36  3:45  Imperial Witness  
  36  3:48  Dominion Trooper  
  39  3:57  Supply Bunker  
  39  3:58  Supply Bunker x2  
  39  4:05  Amplified Airwaves  
  39  4:12  Dominion Trooper  
  39  4:13  Dominion Trooper x2  
  39  4:14  Dominion Trooper  
  39  4:15  Dominion Trooper  
  39  4:32  Earthsplitter Ordinance  
  39  4:50  SCV  
  39  5:02  Earthsplitter Ordinance  
  39  5:18  Supply Bunker, Dominion Trooper x6  
  45  5:41  Hemispheric Acceleraants  
  45  5:58  Earthsplitter Ordinance  
  45  6:17  Earthsplitter Ordinance  
  41  6:55  Dominion Trooper  
  41  7:03  Dominion Trooper  
  41  7:05  Earthsplitter Ordinance  
  41  7:09  Earthsplitter Ordinance  
  42  7:11  Dominion Trooper  
  42  7:19  Dominion Trooper  
  44  7:27  Dominion Trooper  
  44  7:29  Supply Bunker, Dominion Trooper x6  
  51  7:35  Dominion Trooper  
  52  7:42  Dominion Trooper  
  53  7:50  Dominion Trooper  
  53  7:51  Earthsplitter Ordinance  
  53  7:54  Earthsplitter Ordinance  
  53  7:58  Dominion Trooper  
  55  8:06  Dominion Trooper  
  56  8:12  Earthsplitter Ordinance  
  56  8:14  Dominion Trooper  
  57  8:22  Dominion Trooper  
  58  8:30  Dominion Trooper  
  58  8:38  Dominion Trooper  
  60  8:46  Dominion Trooper  
  60  8:47  Earthsplitter Ordinance  
  60  8:49  Earthsplitter Ordinance  
  61  8:54  Dominion Trooper  
  61  8:56  Missile Turret  
  61  8:57  Missile Turret x2  
  61  8:59  Missile Turret  
  62  9:01  Missile Turret  
  62  9:02  Dominion Trooper  
  62  9:03  Missile Turret  
  62  9:05  Missile Turret  
  63  9:30  Dominion Trooper  
  63  9:38  Dominion Trooper  
  65  9:46  Dominion Trooper  
  72  9:51  Supply Bunker, Dominion Trooper x6  
  72  9:54  Dominion Trooper  
  72  9:59  Supply Bunker, Dominion Trooper x6  
  79  10:02  Dominion Trooper  
  79  10:09  Earthsplitter Ordinance  
  80  10:10  Dominion Trooper  
  80  10:11  Earthsplitter Ordinance  
  80  10:14  Earthsplitter Ordinance  
  80  10:18  Dominion Trooper  
  82  10:26  Dominion Trooper  
  83  10:34  Dominion Trooper  
  84  10:42  Dominion Trooper  
  84  11:04  Earthsplitter Ordinance  
  84  11:32  Earthsplitter Ordinance  
  84  11:37  Earthsplitter Ordinance  
  84  11:41  Missile Turret  
  84  11:43  Missile Turret  
  84  11:46  Missile Turret  
  84  11:48  Missile Turret  
  84  11:50  Missile Turret  
  85  12:03  Dominion Trooper  
  86  12:11  Dominion Trooper  
  86  12:19  Dominion Trooper  
  88  12:27  Dominion Trooper  
  89  12:35  Dominion Trooper  
  90  12:43  Dominion Trooper  
  91  12:51  Dominion Trooper  
  91  12:59  Dominion Trooper  
  93  13:23  Dominion Trooper  
  94  13:31  Dominion Trooper  
  94  13:37  Missile Turret  
  94  13:38  Missile Turret  
  94  13:39  Dominion Trooper  
  96  13:47  Dominion Trooper  
  97  13:53  Missile Turret  
  97  13:55  Missile Turret x2, Dominion Trooper  
  97  13:56  Missile Turret  
  98  14:00  Missile Turret  
  98  14:03  Dominion Trooper  
  99  14:11  Dominion Trooper  
  99  14:19  Dominion Trooper  
  100  18:59  Unknown x4  
  100  19:00  Unknown x11  
  100  19:28  Dominion Trooper x8  
  100  19:29  Dominion Trooper x3  
  101  19:30  Dominion Trooper x10  
  101  19:31  Dominion Trooper x4  
  101  19:38  Dominion Trooper  
  103  19:46  Dominion Trooper  
  95  19:53  Dominion Trooper  
  80  20:01  Dominion Trooper  
  80  20:09  Dominion Trooper  
  79  20:14  Missile Turret  
  79  20:17  Dominion Trooper  
  78  20:25  Dominion Trooper  
  75  20:33  Dominion Trooper  
  76  20:41  Dominion Trooper  
Tags
 
Commander
MengskStukov
Matchup
Co-op
Replay Pack
Multiplayer
Add a new tag
Caveats
  • Supply blocks, unpowered buildings, or Contaminate may cause inaccurate times.
  • Supply counts are checked every 10 seconds.